 Dungeon Crawl Stone Soup version 0.21-a0-344-g2144152 (webtiles) character file.

137 Amnesiac the Destroyer (level 5, -2/37 HPs)
             Began as a Gnoll Conjurer on Oct 4, 2017.
             Was a Follower of Ashenzari.
             Slain by a worm (12 damage)
             ... on level 3 of the Dungeon.
             The game lasted 00:02:43 (1833 turns).

Amnesiac the Destroyer (Gnoll Conjurer)             Turns: 1833, Time: 00:02:44

Health: -2/37      AC:  2    Str: 11    XL:     5   Next: 20%
Magic:  1/12       EV: 15    Int: 18    God:    Ashenzari [*.....]
Gold:   84         SH:  0    Dex: 15    Spells: 7/14 levels left

rFire    . . .     SeeInvis .   h - -2 flail (curse)
rCold    . . .     Gourm    .   (no shield)
rNeg     . . .     Faith    .   a - +0 robe
rPois    .         Spirit   .   (no helmet)
rElec    .         Reflect  .   (no cloak)
rCorr    .         Harm     .   (no gloves)
MR       .....                  (no boots)
Stlth    +++.......             (no amulet)
HPRegen  0.12/turn              (no ring)
MPRegen  0.13/turn              (no ring)

@: no status effects
A: distributed training, fangs 1, strong nose
a: Curse Item, Scrying, Renounce Religion


You were on level 3 of the Dungeon.
You worshipped Ashenzari.
Ashenzari was aware of your devotion.
You were not hungry.

You visited 1 branch of the dungeon, and saw 3 of its levels.

You collected 84 gold pieces.

Inventory:

Hand Weapons
 h - a cursed -2 flail (weapon)
Missiles
 l - 26 poisoned needles
Armour
 a - a +0 robe (worn)
Scrolls
 d - a scroll of blinking {!r, unknown}
 e - 2 scrolls of recharging {!r, unknown}
 f - 2 scrolls of teleportation {!r, unknown}
 g - a scroll of magic mapping {!r, unknown}
 k - 2 scrolls of remove curse {!r}
 n - a scroll of amnesia {!r, unknown}
 p - a scroll of fog {!r, unknown}
 q - 2 scrolls of identify {!r, unknown}
Potions
 j - a potion of haste {!q, unknown}
 o - a potion of curing {!q, unknown}
 s - 2 potions of degeneration {!q, unknown}
Books
 b - a book of Conjurations

   Spells                             Type                      Level
   a - Magic Dart                     Conjuration                  1
   b - Searing Ray                    Conjuration                  2
   c - Dazzling Spray                 Conjuration/Hexes            3
   d - Fulminant Prism                Conjuration/Hexes            4
   e - Force Lance                    Conjuration/Translocation    4
   f - Iskenderun's Mystic Blast      Conjuration                  4
Comestibles
 c - 4 bread rations
 i - 3 meat rations
 m - 3 fruits
 r - 2 royal jellies
 t - a chunk of flesh


   Skills:
 + Level 1.3 Fighting
 + Level 1.3 Short Blades
 + Level 1.3 Long Blades
 + Level 1.3 Axes
 + Level 1.3 Maces & Flails
 + Level 1.3 Polearms
 + Level 1.3 Staves
 + Level 1.3 Slings
 + Level 1.3 Bows
 + Level 1.3 Crossbows
 + Level 1.3 Throwing
 + Level 1.3 Armour
 + Level 4.7 Dodging
 + Level 4.3 Stealth
 + Level 1.3 Shields
 + Level 1.3 Unarmed Combat
 + Level 5.1 Spellcasting
 + Level 8.6 Conjurations
 + Level 1.3 Hexes
 + Level 1.3 Charms
 + Level 1.3 Summonings
 + Level 1.3 Necromancy
 + Level 1.3 Translocations
 + Level 1.3 Transmutations
 + Level 1.3 Fire Magic
 + Level 1.3 Ice Magic
 + Level 1.3 Air Magic
 + Level 1.3 Earth Magic
 + Level 1.3 Poison Magic
 + Level 1.3 Invocations
 + Level 1.3 Evocations


You had 7 spell levels left.
You knew the following spells:

 Your Spells              Type           Power        Failure   Level  Hunger
a - Magic Dart            Conj           ####         1%          1    None
b - Searing Ray           Conj           #####.       1%          2    #......
s - Fulminant Prism       Conj/Hex       ###.......   17%         4    ####...


Dungeon Overview and Level Annotations

Branches:
Dungeon (3/15)

Altars:
Ashenzari
Elyvilon
Yredelemnul


Innate Abilities, Weirdness & Mutations

Your experience applies equally to all skills.
You have very sharp teeth.
Your uncanny sense of smell can sniff out nearby items.


Message History

The dart slug launches a dart at you. The slug dart misses you.
There is a shattered altar of Ashenzari here.
You don't have enough magic to cast Magic Dart!
You hit the dart slug but do no damage.
The dart slug is severely wounded.
The dart slug bites you but does no damage.
You don't have enough magic to cast Magic Dart!
You hit the dart slug.
You kill the dart slug!
No target in view!
Things that are here:
an uncursed leather armour; an orc skeleton No target in view!
There isn't anything to butcher here.
No target in view!
You see here 33 stones.
You now have 84 gold pieces (gained 15).
There is a dry fountain here.
A worm comes into view.
Casting: Magic Dart
Confirm with . or Enter, or press ? or * to list all spells.
Aiming: Magic Dart
Press: ? - help, Shift-Dir - straight line, f - worm
Aim: a worm (resting)
The magic dart hits the worm.
The worm is heavily wounded.
A worm is nearby!
You don't have enough magic to cast Magic Dart!
A worm is nearby!
You don't have enough magic to cast Magic Dart!
You don't have enough magic to cast Magic Dart!
You don't have enough magic to cast Magic Dart!
You don't have enough magic to cast Magic Dart!
You barely miss the worm.
The worm is moderately wounded.
Casting: Magic Dart
Confirm with . or Enter, or press ? or * to list all spells.
Aiming: Magic Dart
Press: ? - help, Shift-Dir - straight line, f/p - worm
Aim: a worm (moderately wounded)
The magic dart hits the worm.
The worm is severely wounded.
The worm barely misses you.
You hit the worm but do no damage.
The worm is severely wounded.
The worm bites you.
You don't have enough magic to cast Magic Dart!
You barely miss the worm.
The worm is severely wounded.
You don't have enough magic to cast Magic Dart!
You hit the worm but do no damage. You bite the worm, but do no damage.
The worm is severely wounded.
The worm bites you!
You don't have enough magic to cast Magic Dart!
You hit the worm.
The worm is severely wounded.
The worm bites you!
* * * LOW HITPOINT WARNING * * *
You don't have enough magic to cast Magic Dart!
You barely miss the worm.
The worm is severely wounded.
The worm bites you!
You die...

##### ## #..
...........#
##.###..... ...#.#
.#.......#. #...
.#.#.#...#...#..######
....)... #...#..@w...#
.#....####.. #..#.##.#
.#....#⌠.#.+##.⌠#..#.#
......#..............#
.<.#..##....(..#####.#
...#...#.......# .#
...#...'..[_...+ #
...#...#.......#
.#.#####.......#####..


You could see a worm.

Vanquished Creatures
  The ghost of tidbits the Scratcher, a weakling FeTm (D:3)
  4 adders
  An ooze (D:1)
  A worm (D:2)
  A dart slug (D:3)
  A leopard gecko (D:2)
  4 orcs (D:3)
  5 giant cockroaches
  6 goblins
  4 hobgoblins
  16 jackals
  A quokka (D:3)
  6 bats
  7 frilled lizards
  6 kobolds
  7 rats
71 creatures vanquished.

Notes
Turn   | Place    | Note
-------+----------+-------------------------------------------
     0 | D:1      | Amnesiac the Gnoll Conjurer began the quest for the Orb.
     0 | D:1      | Reached XP level 1. HP: 13/13 MP: 6/6
    89 | D:1      | Reached XP level 2. HP: 19/19 MP: 4/7
   161 | D:1      | Learned a level 2 spell: Searing Ray
   306 | D:3      | Noticed tidbits's ghost (weakling FeTm)
   311 | D:3      | Killed tidbits's ghost
   311 | D:3      | Reached skill level 5 in Spellcasting
   311 | D:3      | Reached XP level 3. HP: 25/25 MP: 1/9
   369 | D:3      | Found a shattered altar of Ashenzari.
   375 | D:3      | Became a worshipper of Ashenzari the Shackled
   620 | D:1      | Reached skill level 1 in Fighting
   620 | D:1      | Reached skill level 1 in Short Blades
   620 | D:1      | Reached skill level 1 in Long Blades
   620 | D:1      | Reached skill level 1 in Axes
   620 | D:1      | Reached skill level 1 in Maces & Flails
   620 | D:1      | Reached skill level 1 in Polearms
   620 | D:1      | Reached skill level 1 in Staves
   620 | D:1      | Reached skill level 1 in Slings
   620 | D:1      | Reached skill level 1 in Bows
   620 | D:1      | Reached skill level 1 in Crossbows
   620 | D:1      | Reached skill level 1 in Throwing
   620 | D:1      | Reached skill level 1 in Armour
   620 | D:1      | Reached skill level 1 in Shields
   620 | D:1      | Reached skill level 1 in Unarmed Combat
   620 | D:1      | Reached skill level 1 in Hexes
   620 | D:1      | Reached skill level 1 in Charms
   620 | D:1      | Reached skill level 1 in Summonings
   620 | D:1      | Reached skill level 1 in Necromancy
   620 | D:1      | Reached skill level 1 in Translocations
   620 | D:1      | Reached skill level 1 in Transmutations
   620 | D:1      | Reached skill level 1 in Fire Magic
   620 | D:1      | Reached skill level 1 in Ice Magic
   620 | D:1      | Reached skill level 1 in Air Magic
   620 | D:1      | Reached skill level 1 in Earth Magic
   620 | D:1      | Reached skill level 1 in Poison Magic
   620 | D:1      | Reached skill level 1 in Invocations
   620 | D:1      | Reached skill level 1 in Evocations
   772 | D:1      | Reached XP level 4. HP: 32/32 MP: 8/11
   808 | D:1      | Learned a level 4 spell: Fulminant Prism
  1468 | D:2      | Found a basalt altar of Yredelemnul.
  1547 | D:2      | Found a white marble altar of Elyvilon.
  1681 | D:2      | Reached XP level 5. HP: 37/37 MP: 10/12
  1754 | D:3      | Reached * piety under Ashenzari
  1833 | D:3      | Slain by a worm

Vault maps used:
D:1:      dpeg_arrival_arbitrary_c
D:2:      kennysheep_ying_yang, hangedman_decor_clover_reticule
D:3:      evilmike_ruin_ashenzari, uniq_ijyb, uniq_crazy_yiuf_cottage

Skill      XL: |  1  2  3 |
---------------+----------+-----
Spellcasting   | 5 |  5.1
Fighting       | 1 |  1.3
Short Blades   | 1 |  1.3
Long Blades    | 1 |  1.3
Axes           | 1 |  1.3
Maces & Flails | 1 |  1.3
Polearms       | 1 |  1.3
Staves         | 1 |  1.3
Slings         | 1 |  1.3
Bows           | 1 |  1.3
Crossbows      | 1 |  1.3
Throwing       | 1 |  1.3
Armour         | 1 |  1.3
Shields        | 1 |  1.3
Unarmed Combat | 1 |  1.3
Hexes          | 1 |  1.3
Charms         | 1 |  1.3
Summonings     | 1 |  1.3
Necromancy     | 1 |  1.3
Translocations | 1 |  1.3
Transmutations | 1 |  1.3
Fire Magic     | 1 |  1.3
Ice Magic      | 1 |  1.3
Air Magic      | 1 |  1.3
Earth Magic    | 1 |  1.3
Poison Magic   | 1 |  1.3
Invocations    | 1 |  1.3
Evocations     | 1 |  1.3
Dodging        | |  4.7
Stealth        | |  4.3
Conjurations   | |  8.6

Action                   |  1- 3 |  4- 6 || total
-------------------------+-------+-------++-------
Melee: Unarmed           |     2 |       ||     2
       Flail             |       |     9 ||     9
       Bite              |       |     1 ||     1
 Cast: Magic Dart        |    62 |    77 ||   139
  Eat: Chunk             |       |     3 ||     3
Armor: Robe              |     2 |     2 ||     4
Dodge: Dodged            |    10 |     7 ||    17

Table legend:
 A = Spawn XP
 B = Non-spawn XP
 C = Spawn XP percentage of total XP
 D = Spawn monster count
 E = Non-spawn monster count
 F = Spawn count percentage of total count
 G = Total turns spent on level
                    A         B        C        D         E        F      G
               +---------+---------+-------+---------+---------+-------+---------
         Total |       0 |     196 |   0.0 |       0 |      71 |   0.0 |  1833
               +---------+---------+-------+---------+---------+-------+---------
           D:1 |       0 |      61 |   0.0 |       0 |      34 |   0.0 |   864
           D:2 |       0 |      88 |   0.0 |       0 |      29 |   0.0 |   800
           D:3 |       0 |      47 |   0.0 |       0 |       8 |   0.0 |   169
               +---------+---------+-------+---------+---------+-------+---------
